 Dungeon Crawl Stone Soup version 0.21.1-1-g345015f (webtiles) character file.

122 nikopol the Firebug (level 4, -1/24 HPs)
             Began as a Deep Elf Fire Elementalist on Feb 11, 2018.
             Hit by a stone thrown by a gnoll (6 damage)
             ... on level 3 of the Dungeon.
             The game lasted 00:08:49 (2305 turns).

nikopol the Firebug (Deep Elf Fire Elementalist)    Turns: 2305, Time: 00:08:49

Health: -1/24      AC:  4    Str:  5    XL:     4   Next: 78%
Magic:  21/21      EV: 12    Int: 21    God:
Gold:   86         SH:  3    Dex: 15    Spells: 5/11 levels left

rFire    . . .     SeeInvis .   l - +0 short sword
rCold    . . .     Gourm    .   j - +0 buckler
rNeg     . . .     Faith    .   a - +0 robe
rPois    .         Spirit   .   f - +0 helmet
rElec    .         Reflect  .   (no cloak)
rCorr    .         Harm     .   (no gloves)
MR       .....                  h - +0 pair of boots
Stlth    ++........             (no amulet)
HPRegen  0.08/turn              e - ring of magical power
MPRegen  0.17/turn              (no ring)

@: lethally poisoned (-1 -> -5), drained
A: no striking features
a: no special abilities


You were on level 3 of the Dungeon.
You were not hungry.

You visited 1 branch of the dungeon, and saw 3 of its levels.

You collected 86 gold pieces.

Inventory:

Hand Weapons
 l - a +0 short sword (weapon)
Armour
 a - a +0 robe (worn)
 f - a +0 helmet (worn)
 h - a +0 pair of boots (worn)
 j - a +0 buckler (worn)
Jewellery
 e - a ring of magical power (left hand)
 g - an uncursed ring of resist corrosion {unknown}
Scrolls
 d - a scroll of fog {unknown}
 m - a scroll of enchant weapon {unknown}
 o - a scroll of remove curse {unknown}
 p - 2 scrolls of teleportation {unknown}
 q - a scroll of enchant armour {unknown}
 r - a scroll of amnesia {unknown}
 s - a scroll of magic mapping {unknown}
 t - a scroll of immolation {unknown}
Potions
 i - a potion of curing {unknown}
 k - a potion of might {unknown}
 n - a potion of flight {unknown}
Books
 b - a book of Flames

   Spells                             Type                      Level
   a - Flame Tongue                   Conjuration/Fire             1
   b - Throw Flame                    Conjuration/Fire             2
   c - Conjure Flame                  Conjuration/Fire             3
   d - Inner Flame                    Hexes/Fire                   3
   e - Sticky Flame                   Conjuration/Fire             4
   f - Fireball                       Conjuration/Fire             5
Comestibles
 c - 6 rations
 u - 6 chunks of flesh


   Skills:
 + Level 2.9(2.4) Dodging
 + Level 2.8(2.3) Stealth
 + Level 4.0(3.5) Spellcasting
 + Level 2.8(2.2) Conjurations
 + Level 4.4(3.9) Fire Magic


You had 5 spell levels left.
You knew the following spells:

 Your Spells              Type           Power        Failure   Level  Hunger
a - Flame Tongue          Conj/Fire      ###..        6%          1    None
b - Throw Flame           Conj/Fire      ###...       9%          2    ##.....
c - Conjure Flame         Conj/Fire      ###.....     17%         3    ###....


Dungeon Overview and Level Annotations

Branches:
Dungeon (3/15)

Altars:
Makhleb


Message History

* * * LOW HITPOINT WARNING * * *
You are poisoned.
The adder poisons you!
* * * LOW HITPOINT WARNING * * *
You feel sick.
* * * LOW HITPOINT WARNING * * *
You feel sick.
A gnoll comes into view. It is wielding a flail.
The bat misses you. The bat hits you but does no damage.
The gnoll moves out of view.
The bat barely misses you.
Found a scroll labeled RERIFI FOIRUU.
* * * LOW HITPOINT WARNING * * *
You feel sick.
The gnoll shouts!
The bat barely misses you.
The bat closely misses you. x2; The gnoll throws a stone.
The stone barely misses you.
You see here a stone.
You block the bat's attack.
The gnoll throws a stone.
The stone hits you.
You die...

...##.........#
...##...g.....#
....%.........#
#####.......g.###### . #
...†.#..........# .. #
#.....#%.........# ...
#.....#..........# ....
#.....#........g.####.....
..............@b.Sb.....?.
##.....#####.######.#######
#..........# # #
#..........# #
#..#...o......# #
#.#..........# #
#..###g####### #.....K.#
####. #....g..# ....####


You could see 2 gnolls, an adder and 2 bats.

Vanquished Creatures
  The ghost of Vesto the Skirmisher, a weakling MiFi (D:3)
  A gnoll (D:2)
  5 adders
  An ooze (D:2)
  A worm (D:3)
  A dart slug (D:2)
  2 leopard geckos
  A ball python (D:3)
  4 giant cockroaches (D:1)
  2 goblins (D:2)
  7 hobgoblins
  3 kobolds
  7 bats
  A frilled lizard (D:2)
  4 rats (D:1)
41 creatures vanquished.

Notes
Turn   | Place    | Note
-------+----------+-------------------------------------------
     0 | D:1      | nikopol the Deep Elf Fire Elementalist began the quest for the Orb.
     0 | D:1      | Reached XP level 1. HP: 10/10 MP: 6/6
   282 | D:1      | Reached XP level 2. HP: 12/15 MP: 6/8
   286 | D:1      | Learned a level 2 spell: Throw Flame
  1372 | D:2      | Reached XP level 3. HP: 19/19 MP: 10/10
  1673 | D:2      | Reached XP level 4. HP: 24/24 MP: 11/11
  2010 | D:3      | Learned a level 3 spell: Conjure Flame
  2079 | D:3      | Found a burning altar of Makhleb.
  2111 | D:3      | Noticed Vesto's ghost (weakling MiFi)
  2122 | D:3      | Killed Vesto's ghost
  2305 | D:3      | Hit by a stone thrown by a gnoll

Skill      XL: |  1  2  3  4 |
---------------+-------------+-----
Fire Magic     | 4 |  4.4
Conjurations   | 2 |  2.8
Spellcasting   | 4 |  4.0
Dodging        | |  2.9
Stealth        | |  2.8

Action                   |  1- 3 |  4- 6 || total
-------------------------+-------+-------++-------
Melee: Short sword       |       |     2 ||     2
 Cast: Flame Tongue      |    71 |    23 ||    94
       Throw Flame       |     1 |     8 ||     9
  Eat: Chunk             |     3 |     2 ||     5
Armor: Robe              |    14 |     9 ||    23
Dodge: Dodged            |    20 |    22 ||    42
Block: Buckler           |     4 |     3 ||     7
